[Event "Early-Titled-Tuesday-Blitz-March-19-2024"]
[Site "Chess.com"]
[Date "2024.03.19"]
[Round "4"]
[White "ExchangeAB"]
[Black "Alen_Yeremyann"]
[Result "0-1"]
[WhiteElo "2532"]
[BlackElo "2816"]
[TimeControl "180+1"]
[EndTime "8:40:59 PDT"]
[Termination "Alen_Yeremyann won by resignation"]

1. e4 c5 2. Nf3 Nc6 3. d4 cxd4 4. Nxd4 Nf6 5. Nc3 e5 6. Ndb5 d6 7. Bg5 a6 8. Na3 b5 9. Nd5 Be7 10. Bxf6 Bxf6 11. c3 Bg5 12. Nc2 O-O 13. h4 Bh6 14. g3 Be6 15. Nce3 Rb8 16. a3 Bxe3 17. Nxe3 Ne7 18.
Bg2 a5 19. O-O b4 20. axb4 axb4 21. c4 Nc6 22. b3 Nd4 23. Qd3 Qc7 24. Nc2 Nxb3 25.
Qxb3 Bxc4 26. Qb2 Bxf1 27. Bxf1 Rfc8 28. Ne3 Qc3 29. Rb1 Kf8 30. Nd5 Qxb2 31. Rxb2 b3 32. Bd3 Rc1+ 33. Kg2 g6 34. Kf3 Rc5 35. Ke3 f5 36. f3 Ra5 37. Nc3 Rc5 38. Kd2 Kg7 39. Nd5 Kf7 40. Ne3 Rb4 41. exf5 d5 42. fxg6+ hxg6 43. Ng4 e4 44. Be2 Rd4+ 45. Ke3 Rb4 46. Kd2 Ke6 47.
fxe4 dxe4 48. Ne3 Ke5 49. Bd1 Rcb5 50. Kc3 Rd4 51. Be2 Rc5+ 52. Nc4+ Kd5 53. Rxb3 Rdxc4+ 54. Bxc4+ Rxc4+ 55. Kd2 Kd4 56. Rb8 e3+ 57. Ke1 Rc1+ 58. Ke2 Rc2+ 59. Ke1 Rg2 60. Rb4+ Kd3 61. Rb3+ Ke4 62.
Kf1 Rxg3 63. Rb4+ Kf3 64. Rb3 Rh3 65. Kg1 Rxh4 66. Rb8 e2 67. Rf8+ Rf4 68. Re8 Re4 69. Rf8+ Ke3 0-1

[Event "Early-Titled-Tuesday-Blitz-March-19-2024"]
[Site "Chess.com"]
[Date "2024.03.19"]
[Round "4"]
[White "Ergali_Suleimen"]
[Black "Sadykov_Ramil"]
[Result "1-0"]
[WhiteElo "2472"]
[BlackElo "2584"]
[TimeControl "180+1"]
[EndTime "8:41:01 PDT"]
[Termination "Ergali_Suleimen won by resignation"]

1. e4 d6 2. d4 Nf6 3. Nc3 e5 4. Nf3 Nbd7 5. g3 exd4 6. Nxd4 g6 7. Bg2 Bg7 8. O-O O-O 9. h3 Re8 10. Bf4 Nc5 11. Re1 a5 12. Qd2 a4 13. Rad1 c6 14. g4 Qc7 15. Nde2 Nfxe4 16. Nxe4 Nxe4 17.
Ng3 f5 18. Nxe4 fxe4 19. Bxe4 Be6 20. Bxd6 Qb6 21. b3 Rad8 22. Qf4 Rd7 23. Qg3 Red8 24. Bf3 Bf7 25. Be7 Rxd1 26. Rxd1 Rxd1+ 27. Bxd1 h6 28. Qd6 Qd4 29. Qxd4 Bxd4 30. Kf1 Kg7 31. Be2 b5 32.
Bf3 Bd5 33. Bxd5 cxd5 34. Ke2 Kf7 35. Bd6 Ke6 36. Bf4 h5 37. Be3 Bb2 38. f4 hxg4 39. hxg4 Bc3 40. Kd3 Bb2 41. Bd4 Bc1 42. Be3 Bb2 43.
bxa4 bxa4 44. c4 Kd6 45. c5+ Kc6 46. Bd4 Bc1 47. f5 gxf5 48. gxf5 Bh6 49. f6 Bf8 50. Kc3 Kb5 51. f7 a3 52. Kb3 Kc6 53. Kxa3 Kd7 54.
Kb4 Ke6 55. Kb5 Kxf7 56. c6 Ke6 57. Kb6 Bd6 58. Kb7 Bf4 59. c7 Bxc7 60. Kxc7 Kf5 61.
a4 Ke4 62. Bb6 d4 63. Bxd4 Kxd4 64. a5 Kc5 65. a6 Kb5 66. a7 Kc4 67. a8=Q Kc5 68.
Qc6+ Kd4 69. Kd6 1-0

[Event "Early-Titled-Tuesday-Blitz-March-19-2024"]
[Site "Chess.com"]
[Date "2024.03.19"]
[Round "4"]
[White "laziestwin"]
[Black "martinbitel"]
[Result "1-0"]
[WhiteElo "2573"]
[BlackElo "2408"]
[TimeControl "180+1"]
[EndTime "8:41:01 PDT"]
[Termination "laziestwin won by resignation"]

1. c4 c5 2. Nc3 g6 3. Nf3 Bg7 4. g3 Nc6 5. Bg2 Nh6 6. O-O Nf5 7. Rb1 O-O 8. a3 a5 9. e3 d6 10. b3 e6 11. Bb2 d5 12. cxd5 exd5 13. Na4 Bxb2 14.
Rxb2 b6 15. d4 Ba6 16. Re1 cxd4 17. Rc2 Bb5 18. g4 Nh4 19. Nxh4 Qxh4 20. Nxb6 Rad8 21. a4 Nb4 22. axb5 Nxc2 23. Qxc2 dxe3 24. Rxe3 d4 25. Rd3 Qxg4 26. h3 Qg5 27. Qc4 Rfe8 28. Rd1 d3 29. Nd5 d2 30. Ne3 Rxe3 31. fxe3 Qxe3+ 32. Kh1 Qe1+ 33. Qf1 Re8 34. b6 Qxd1 35. Qxd1 Re1+ 36. Kh2 Rxd1 37. b7 Rh1+ 38. Bxh1 d1=Q 39. b8=Q+ Kg7 40. Qe5+ Kg8 41. Qb8+ Kg7 42. Qe5+ Kg8 43. Bd5 Qd2+ 44. Kg3 Qd3+ 45. Kg2 Qd2+ 46. Kf3 Qd3+ 47. Kf4 Qd2+ 48. Ke4 Qc2+ 49.
Kd4 Qf2+ 50. Kc4 Qf1+ 51. Kc5 Qxh3 52. Qe8+ Kg7 53. Qxf7+ Kh6 54. Qf4+ g5 55. Qf6+ Kh5 56. Bf7+ Kh4 57. Qh6+ Kg3 58. Qxg5+ Qg4 59. Qxg4+ Kxg4 60. Kb5 h5 61. Kxa5 h4 62. b4 Kf5 63. b5 Ke5 64. Be8 h3 65. Bc6 Kd6 66. Kb6 h2 67.
Bh1 1-0

[Event "Early-Titled-Tuesday-Blitz-March-19-2024"]
[Site "Chess.com"]
[Date "2024.03.19"]
[Round "4"]
[White "Mikhail_Bryakin"]
[Black "Quattroporte300"]
[Result "0-1"]
[WhiteElo "2740"]
[BlackElo "2500"]
[TimeControl "180+1"]
[EndTime "8:41:02 PDT"]
[Termination "Quattroporte300 won by resignation"]

1. e4 c5 2. d4 cxd4 3. Qxd4 Nc6 4. Qd3 Nf6 5. Nc3 d6 6. Nf3 g6 7. Be2 Bg7 8. O-O O-O 9. Nd5 e6 10. Nxf6+ Bxf6 11. Bh6 Re8 12. c3 Qe7 13. Rad1 Rd8 14. Bf4 d5 15. e5 Bg7 16. Qe3 Qc7 17. h4 h5 18. Rfe1 Bd7 19. Bf1 Ne7 20. Nd4 a6 21. f3 Nc6 22. g4 Nxd4 23. cxd4 hxg4 24. fxg4 Bb5 25. Bg2 Rac8 26. Rd2 Qa5 27. a3 Ba4 28. h5 Bc2 29. Bg5 Re8 30. Bf6 Be4 31. Bxe4 dxe4 32.
Rh2 Bxf6 33. exf6 g5 34. h6 Kh8 35. h7 Red8 36. Qxe4 Rc4 37. Qe5 Qxe5 38. Rxe5 Rdxd4 39.
Rxg5 Rxg4+ 40. Rxg4 Rxg4+ 41. Kf2 Rf4+ 42. Ke3 Rxf6 43.
Rc2 Kxh7 44. Rc7 Kg6 45. Rxb7 e5 46. Ke4 Re6 47. Rb8 f5+ 48. Kd5 Re7 49. Rb6+ Kg5 50. Rxa6 e4 51. Rc6 e3 52. Rc1 f4 53. Kd6 Re8 54.
Kd7 Re4 55. b4 e2 56. Rg1+ Kf5 57. b5 e1=Q 58. Rxe1 Rxe1 59. b6 Rb1 60. Kc7 f3 61. b7 f2 62. b8=Q Rxb8 63. Kxb8 f1=Q 0-1

[Event "Early-Titled-Tuesday-Blitz-March-19-2024"]
[Site "Chess.com"]
[Date "2024.03.19"]
[Round "4"]
[White "mary-sanna"]
[Black "BallottiLuca"]
[Result "0-1"]
[WhiteElo "2193"]
[BlackElo "2395"]
[TimeControl "180+1"]
[EndTime "8:41:02 PDT"]
[Termination "BallottiLuca won on time"]

1. d4 Nf6 2. c4 c5 3. d5 e6 4. Nc3 exd5 5. cxd5 d6 6. e4 g6 7. h3 Bg7 8. Nf3 O-O 9. Be3 Re8 10. Bd3 c4 11. Bxc4 Nxe4 12. Nxe4 Rxe4 13. Qc2 Re8 14. O-O Nd7 15. Rab1 Ne5 16. Nxe5 Bxe5 17. Rfe1 Bf5 18. Bd3 Bxd3 19. Qxd3 Qf6 20. b3 b6 21.
Rbc1 Rac8 22. Rxc8 Rxc8 23. Rc1 Rxc1+ 24. Bxc1 Bd4 25.
Qe2 Kg7 26. Ba3 a5 27. Kf1 h5 28. f3 Qf4 29. Qd3 Be5 30. Qc2 Qh2 31. Bb2 Qh1+ 32.
Kf2 Qh2 33. Bxe5+ Qxe5 34. Qc6 Qd4+ 35. Kg3 h4+ 36. Kh2 Qe5+ 37. Kg1 Qa1+ 38. Kh2 Qxa2 39. Qxb6 Qa3 40. Qb5 Qb4 41. Qc6 Qc5 42. Qb7 Kf6 43. Qa8 Kg7 44. Qb7 Qb4 45. Qc6 Kh6 46. Qe8 Qf4+ 47.
Kg1 Kg7 48. Qd8 Qe5 49. Qxh4 Qa1+ 50. Kh2 Qe5+ 51. Qg3 Qxd5 52. Qf4 g5 53. Qg3 Kg6 54.
h4 f6 55. hxg5 fxg5 56. Qg4 Qe5+ 57. g3 Qe2+ 58. Kh3 Qf1+ 59. Kh2 Qf2+ 60. Kh3 Qd4 61. Qe6+ Qf6 62. Qe4+ Qf5+ 0-1

[Event "Early-Titled-Tuesday-Blitz-March-19-2024"]
[Site "Chess.com"]
[Date "2024.03.19"]
[Round "4"]
[White "Shield12"]
[Black "Hikaru"]
[Result "1/2-1/2"]
[WhiteElo "2946"]
[BlackElo "3281"]
[TimeControl "180+1"]
[EndTime "8:41:03 PDT"]
[Termination "Game drawn by repetition"]

1. e4 g6 2. d4 Bg7 3. Nc3 a6 4. a4 d6 5. Nf3 Bg4 6. Be2 Nd7 7. Be3 c5 8. d5 Bxf3 9. Bxf3 h5 10. Be2 Ngf6 11. a5 b5 12. axb6 Qxb6 13. Ra2 Ng4 14. Bd2 Bd4 15. Bxg4 hxg4 16. Qxg4 Nf6 17. Qe2 Rh4 18. f3 Rb8 19. b3 Nh5 20. Kd1 Be5 21. Qe1 Rxh2 22. Rxh2 Bxh2 23. g4 Nf6 24. Qe2 Be5 25.
Qxa6 Qxa6 26. Rxa6 c4 27. bxc4 Rc8 28. Rc6 Rxc6 29. dxc6 Bxc3 30. Bxc3 Nh7 31. Ke2 Kd8 32. Ba5+ Kc8 33. Ke3 e5 34. Bb6 Nf6 35. Kd3 Nh7 36. Ke2 Ng5 37. Ke3 Ne6 38. c3 Nf4 39. Ba5 Ne6 40. Kd3 Nc5+ 41. Ke2 Ne6 42. Ke3 Nf4 43. Bb6 Ne6 44. Kf2 Nf4 45. Ke1 Ne6 46. Kd2 Ng5 47. Ke2 Ne6 48. Ke3 Nf4 49. c5 dxc5 50. Bxc5 Kc7 51. Be7 Kxc6 52. Bf6 Kd6 53. c4 Ne6 54. Kd3 Nf4+ 55. Kc3 Ne2+ 56. Kb4 Nd4 57. c5+ Ke6 58. Bg7 Nxf3 59. c6 Kd6 60. c7 Kxc7 61. Kc5 Kd7 62. Kd5 Nh2 63. g5 Nf3 64. Bf6 Kc7 65. Bxe5+ Kd7 66. Bf4 Ke7 67. Bd6+ Kd7 68. Bf4 Ke7 69. Bd6+ Kd7 70. Bf4 1/2-1/2

[Event "Early-Titled-Tuesday-Blitz-March-19-2024"]
[Site "Chess.com"]
[Date "2024.03.19"]
[Round "4"]
[White "Mandaloriana19"]
[Black "StankovicIvan"]
[Result "1/2-1/2"]
[WhiteElo "2361"]
[BlackElo "2540"]
[TimeControl "180+1"]
[EndTime "8:41:03 PDT"]
[Termination "Game drawn by repetition"]

1. d4 g6 2. Nf3 Bg7 3. g3 d6 4.
Bg2 Nd7 5. O-O e5 6. dxe5 dxe5 7.
Nc3 Ngf6 8. Bg5 O-O 9. Qd2 c6 10. Rad1 Qe7 11. Qc1 Re8 12. Ne4 Nc5 13. Nxf6+ Bxf6 14.
Be3 Ne6 15. c3 Nc7 16. Nd2 Nd5 17. Ne4 Nxe3 18. Qxe3 Bg7 19. Qc5 Be6 20. a4 Bf8 21.
Qxe5 Bg7 22. Qc5 Bb3 23. Rd2 Bxa4 24. Qxe7 Rxe7 25. Ra1 Bb5 26. Bf3 Rae8 27. Rxa7 Be5 28. e3 Kg7 29. Nd6 Bxd6 30. Rxd6 Rc7 31. b3 Rec8 32. Ra1 c5 33. c4 Bc6 34. Kg2 Bxf3+ 35. Kxf3 Rc6 36. Rxc6 Rxc6 37. Ra5 Rb6 38. Rxc5 Rxb3 39.
Rb5 Rc3 40. c5 Rc2 41. h4 h5 42. Rxb7 Rxc5 43. e4 Ra5 44. Kf4 Ra4 45. f3 Rc4 46. Rd7 Ra4 47. Rd5 Ra6 48. Ke3 Ra3+ 49. Rd3 Ra6 50. e5 Re6 51. Kf4 Ra6 52. Rd4 Kh6 53. Ke4 f6 54. f4 Kg7 55. Rd7+ Kf8 56. Kd5 fxe5 57. fxe5 Rb6 58. e6 Rb3 59. Rf7+ Ke8 60. Rh7 Rxg3 61. Kd6 Rd3+ 62. Ke5 Rh3 63. Kf6 Rf3+ 64.
Kxg6 Re3 65. Kf6 Rf3+ 66. Kg5 Re3 67. e7 Rxe7 68. Rxe7+ Kxe7 69. Kxh5 Kf6 70. Kh6 Kf7 71. Kh7 Kf8 72. Kh8 Kf7 73. Kh7 Kf8 74. Kh8 Kf7 75.
Kh7 1/2-1/2

[Event "Early-Titled-Tuesday-Blitz-March-19-2024"]
[Site "Chess.com"]
[Date "2024.03.19"]
[Round "4"]
[White "davidkalashian"]
[Black "Chessmissile07"]
[Result "0-1"]
[WhiteElo "2653"]
[BlackElo "2945"]
[TimeControl "180+1"]
[EndTime "8:41:04 PDT"]
[Termination "Chessmissile07 won on time"]

1. d4 a6 2. Nf3 e6 3. g3 Nf6 4. Bg2 b5 5. O-O Bb7 6. a4 Be7 7. axb5 axb5 8. Rxa8 Bxa8 9. Bg5 O-O 10. Nc3 b4 11.
Bxf6 Bxf6 12. Na4 d6 13. Qd2 Na6 14. Ra1 Qd7 15. Nb6 Qb5 16. Nxa8 Rxa8 17. e3 g6 18. Ne5 d5 19. Bf1 Qb7 20. Nd7 Be7 21. Ra5 c6 22. Ne5 Nc7 23. Rxa8+ Qxa8 24. h4 h5 25. Qd1 Bd6 26. Nd3 Ne8 27. Qe1 Qa4 28. b3 Qa3 29. Qd2 Nf6 30. Bg2 Kg7 31. Bf3 Qa2 32. Kg2 Qb1 33. Qd1 Qa2 34. Qd2 Qa5 35.
Qd1 c5 36. dxc5 Bxc5 37. Qd2 Bd6 38. Qc1 e5 39. Nb2 Qc5 40. Na4 Qc6 41. Qd2 e4 42. Be2 Nd7 43. Nb2 Ne5 44. Na4 Be7 45. Qd4 Bf6 46. Qxb4 Qxc2 47. Qe1 Qxb3 48. Nc5 Qc2 49. Na6 Nd3 50. Qf1 Qd2 51. Nc7 d4 52. Nd5 dxe3 53.
Nxe3 Bd4 54. Nc4 Qc2 55. Nd6 Nc1 0-1

[Event "Early-Titled-Tuesday-Blitz-March-19-2024"]
[Site "Chess.com"]
[Date "2024.03.19"]
[Round "4"]
[White "SmirnovAlexandrA"]
[Black "BardArtem"]
[Result "1-0"]
[WhiteElo "2621"]
[BlackElo "2818"]
[TimeControl "180+1"]
[EndTime "8:41:08 PDT"]
[Termination "SmirnovAlexandrA won by checkmate"]

1. e4 d5 2. exd5 Qxd5 3. Nc3 Qe5+ 4. Be2 Bg4 5. d4 Bxe2 6. Ngxe2 Qa5 7. O-O Nf6 8. Bf4 Nc6 9. Qd3 O-O-O 10. Ne4 Kb8 11. Ng5 Qd5 12. c4 Qd7 13. Nxf7 e5 14. Nxd8 Qxd8 15. Be3 e4 16. Qc3 Bd6 17. c5 Be7 18.
Rfd1 Nd5 19. Qb3 Rf8 20. Nc3 Nxc3 21. bxc3 Bg5 22. Rab1 b6 23. cxb6 cxb6 24. c4 Na5 25. Qb5 Bxe3 26. fxe3 Nb7 27. Qe5+ Ka8 28. c5 Re8 29.
Qg3 Qd5 30. cxb6 a6 31. Rbc1 Qd6 32. Qxd6 Nxd6 33. Rc7 Nf5 34. Kf2 Kb8 35. Rdc1 Rf8 36. Ke2 Rf6 37. b7 Rb6 38. Rc8+ Ka7 39. b8=Q+ Rxb8 40. Rxb8 Kxb8 41. Rc5 Nd6 42. Rc6 Nb5 43. Rxa6 Kc7 44. Ra5 Nd6 45. Ra7+ Kc6 46. Ra6+ Kd5 47. Rxd6+ Kxd6 48. Kd2 Kd5 49. Kc3 g5 50. g4 h5 51.
gxh5 Ke6 52. a4 g4 53. a5 Kf5 54. a6 g3 55. hxg3 Kg4 56. a7 Kf3 57. Kd2 Kf2 58. a8=Q Kf3 59. g4 Kg3 60. g5 Kf2 61. g6 Kf3 62. g7 Kg2 63. h6 Kf1 64. h7 Kf2 65. Qxe4 Kf1 66. d5 Kf2 67. d6 Kf1 68. d7 Kf2 69.
d8=Q Kf1 70. Qed4 Kf2 71. e4+ Kf1 72. Qe3 Kg2 73. e5 Kf1 74. e6 Kg2 75. e7 Kf1 76. e8=Q Kg2 77. h8=Q Kf1 78. Qdd3+ Kg2 79. g8=Q# 1-0

[Event "Early-Titled-Tuesday-Blitz-March-19-2024"]
[Site "Chess.com"]
[Date "2024.03.19"]
[Round "4"]
[White "adotand"]
[Black "IMRosen"]
[Result "1-0"]
[WhiteElo "2998"]
[BlackElo "2660"]
[TimeControl "180+1"]
[EndTime "8:41:09 PDT"]
[Termination "adotand won on time"]

1. e4 c5 2. Nf3 e6 3. d4 cxd4 4.
Nxd4 Nc6 5. Nc3 Qc7 6. Ncb5 Qb8 7. Bd3 a6 8. Nxc6 bxc6 9. Nd4 e5 10. Ne2 Nf6 11.
O-O Bc5 12. Ng3 d6 13. b3 O-O 14. Bg5 Nd7 15. Nf5 Nb6 16. Ne7+ Kh8 17. Nxc6 Qc7 18. Na5 Be6 19. a3 Rac8 20. c4 Bd4 21. Rb1 f5 22. exf5 Bxf5 23. Bh4 Rf7 24. Bxf5 Rxf5 25.
Qc2 Rcf8 26. b4 Nd5 27. Bg3 Nf4 28. Qe4 Qb6 29. Nb3 Ne6 30. Nxd4 Nxd4 31. Rbc1 Qd8 32. a4 h5 33. b5 axb5 34. axb5 g5 35. h3 h4 36. Bh2 Qf6 37. f3 Qd8 38. Kh1 Ne6 39. Rb1 Nc5 40. Qd5 e4 41. Qd4+ Kh7 42. Qxd6 exf3 43.
Qxd8 Rxd8 44. Rxf3 Rxf3 45. gxf3 Rd4 46. b6 Nb7 47. c5 Rc4 48. Bg1 Kg6 49. Rd1 Nxc5 50.
Bxc5 Rxc5 51. Rb1 Rc8 52. Rb5 Kf6 53. b7 Rb8 54. Kg2 Ke6 55. Kf2 Kd6 56. Ke3 Kc6 57.
Rb1 Kc7 58. Ke4 Re8+ 59. Kf5 Kb8 60. Kxg5 Rf8 61. Kg4 Rf7 62. f4 Rg7+ 63. Kxh4 Rh7+ 64. Kg4 Rg7+ 65. Kf3 Rh7 66. Kg3 Rg7+ 67. Kh2 Rf7 68. Rb4 Rc7 69. h4 Rc3 70. Kg2 Rd3 71. Rb5 1-0

[Event "Early-Titled-Tuesday-Blitz-March-19-2024"]
[Site "Chess.com"]
[Date "2024.03.19"]
[Round "4"]
[White "NovoselovRoman"]
[Black "kingofthenil"]
[Result "0-1"]
[WhiteElo "2549"]
[BlackElo "2784"]
[TimeControl "180+1"]
[EndTime "8:41:09 PDT"]
[Termination "kingofthenil won by checkmate"]

1. e4 Nc6 2. Bc4 d5 3. Bxd5 Bd7 4. Nc3 Nf6 5. Bb3 e5 6. Nf3 Bg4 7. Ba4 Qd6 8. d3 a6 9. Bxc6+ Qxc6 10. h3 Bxf3 11.
Qxf3 Bb4 12. Bd2 O-O-O 13. O-O Kb8 14. a3 Bc5 15. Bg5 Bd4 16. Nd5 Rhg8 17. Ne7 Qxc2 18. Nxg8 Rxg8 19. Bxf6 gxf6 20. Qxf6 Qxd3 21. Kh1 Qxe4 22.
f3 Qe2 23. Rg1 Qxb2 24. Qxf7 Rxg2 25. Rxg2 Qxa1+ 26. Kh2 Qxa3 27. Rg8+ Ka7 28. Qxc7 Qb2+ 29. Rg2 Qa1 30. Qc4 e4 31. f4 e3 32. Qd3 a5 33.
Qe4 a4 34. Qd5 a3 35. Ra2 Qc3 36. Qd6 Bc5 37. Qd5 Kb6 38. Re2 Qd4 39. Qf3 Qc4 40.
Rg2 a2 41. Rg7 a1=Q 42. Qxb7+ Ka5 43. Qa8+ Qa6 44. Qd8+ Bb6 45. Rg5+ Kb4 46. Qd6+ Kc4 47. Qd5+ Kc3 48. Qe5+ Kd2 49. Rg2+ Kd3 50. Qd5+ Qd4 51. Qb3+ Ke4 52. Qe6+ Kd3 53. Qb3+ Qc3 54. Qd5+ Bd4 55. Qf5+ Kc4 56. Qf7+ Kb4 57. Qe7+ Bc5 58. Qe4+ Qac4 59.
Qb7+ Qb5 60. Qe4+ Ka3 61. Qd5 Qbc4 62. Qa8+ Kb3 63. Qb7+ Bb4 64. Qxh7 Qxf4+ 65. Kh1 Qe1+ 66. Rg1 Qf3+ 67. Kh2 Qef2+ 68. Rg2 Q2xg2# 0-1

[Event "Early-Titled-Tuesday-Blitz-March-19-2024"]
[Site "Chess.com"]
[Date "2024.03.19"]
[Round "4"]
[White "Kotlyar_K"]
[Black "esrosenberg"]
[Result "0-1"]
[WhiteElo "2634"]
[BlackElo "2456"]
[TimeControl "180+1"]
[EndTime "8:41:11 PDT"]
[Termination "esrosenberg won on time"]

1. e4 e6 2. d4 d5 3. Nc3 Bb4 4.
e5 c5 5. a3 Bxc3+ 6. bxc3 Ne7 7. Qg4 Qc7 8. Qxg7 Rg8 9. Qxh7 cxd4 10. Qd3 Qxe5+ 11. Ne2 dxc3 12. Qxc3 Nbc6 13. Qxe5 Nxe5 14. Ng3 Bd7 15. Nh5 Rg6 16. Bb2 N7c6 17. f4 Ng4 18. h3 Ne3 19. Kd2 Nxf1+ 20. Raxf1 Rxg2+ 21. Kc1 Rc8 22. Nf6+ Ke7 23. Rfg1 Rxg1+ 24. Rxg1 Na5 25. Nxd7 Kxd7 26. Rg7 Ke7 27. h4 Nc4 28. Bc3 Nxa3 29. Bb4+ Kf6 30. Rg2 Nb5 31. h5 d4 32. Kd2 Rh8 33. Rg5 a6 34. Kd3 Rd8 35. Be1 Rh8 36. Bf2 Rd8 37. Bg1 Nd6 38. Bxd4+ Ke7 39. c3 Nf5 40.
Ke4 Nxd4 41. cxd4 b5 42. h6 Rh8 43. Rh5 Kf6 44. Rh1 Kg6 45. Ra1 Ra8 46. Rh1 Kh7 47.
Ke5 b4 48. Kf6 Ra7 49. Rb1 a5 50. Rh1 b3 51. Rh2 a4 52. d5 exd5 53. f5 a3 54.
Rg2 b2 0-1

[Event "Early-Titled-Tuesday-Blitz-March-19-2024"]
[Site "Chess.com"]
[Date "2024.03.19"]
[Round "4"]
[White "bescmelasti"]
[Black "Robert_Chessmood"]
[Result "1-0"]
[WhiteElo "2675"]
[BlackElo "2958"]
[TimeControl "180+1"]
[EndTime "8:41:12 PDT"]
[Termination "bescmelasti won by resignation"]

1. e4 c6 2. d4 d5 3. exd5 cxd5 4. c3 Nf6 5. Bd3 Bg4 6. Ne2 e6 7. h3 Bxe2 8. Qxe2 Bd6 9. Nd2 Nc6 10. Nf3 Qc7 11. O-O Bf4 12. Re1 O-O 13. Ne5 Bxc1 14. Raxc1 Nxe5 15. dxe5 Nd7 16. Qh5 g6 17. Qg5 Kg7 18. h4 h6 19. Qg3 Nc5 20. Bc2 Qe7 21.
Rcd1 Rac8 22. Rd4 h5 23. Qe3 Nd7 24. g3 a6 25. Kg2 b5 26. a4 Rc4 27. axb5 axb5 28.
Bd3 Rxd4 29. cxd4 b4 30. Rc1 Nb6 31. Rc6 Qb7 32. Rc5 Rc8 33. Qg5 Rxc5 34. Qf6+ Kg8 35. dxc5 Nd7 36. Qe7 Qc6 37. Qd6 Nxe5 38. Qxe5 Qxc5 39.
Qe3 Qe7 40. Bc2 Qf6 41. b3 Qb2 42. Qd3 Kg7 43. Bd1 Qe5 44. Bf3 Qb2 45. Kf1 Qc1+ 46. Ke2 Qb2+ 47. Ke3 Qc1+ 48. Qd2 Qa1 49. Qd4+ Qxd4+ 50.
Kxd4 f5 51. Bxd5 exd5 52. Kxd5 f4 53. gxf4 Kf6 54. Ke4 Ke6 55. f5+ gxf5+ 56. Kf4 Kf6 57. f3 Ke6 58. Kg5 Ke5 59. Kxh5 Kd4 60. Kg5 Kc3 61. h5 Kxb3 62. h6 Kc2 63. h7 b3 64.
h8=Q b2 65. Qxb2+ Kxb2 66. Kxf5 Kc3 67. Ke5 Kc4 68. f4 Kc5 69. f5 Kc6 70. Ke6 Kc7 71.
Ke7 Kc6 72. f6 Kd5 73. f7 1-0

[Event "Early-Titled-Tuesday-Blitz-March-19-2024"]
[Site "Chess.com"]
[Date "2024.03.19"]
[Round "4"]
[White "margarita_2703"]
[Black "Eliwood44"]
[Result "1/2-1/2"]
[WhiteElo "2331"]
[BlackElo "2522"]
[TimeControl "180+1"]
[EndTime "8:41:12 PDT"]
[Termination "Game drawn by repetition"]

1. e4 e5 2. Nf3 Nc6 3. Bb5 Nf6 4. O-O Nxe4 5. d4 Nd6 6. Ba4 e4 7. Ne5 Be7 8. Re1 O-O 9. Nc3 Nxe5 10. dxe5 Nf5 11. Nxe4 d5 12. exd6 Nxd6 13. Nxd6 Bxd6 14. Bb3 Qh4 15. g3 Qh3 16. Bd5 Bg4 17. Bf3 h5 18. Bxg4 hxg4 19. Qd5 Rae8 20. Be3 Re5 21. Qg2 Qh5 22. Bf4 Rxe1+ 23. Rxe1 Bxf4 24. gxf4 c6 25. Re5 Qg6 26. f5 Qd6 27. Qe4 f6 28.
Re7 b6 29. Re6 Qd1+ 30. Kg2 c5 31. a4 Kh7 32. Qe2 Qxe2 33. Rxe2 Rd8 34. Kg3 Rd4 35. b3 c4 36. Re7 cxb3 37. cxb3 a5 38. Re6 Rd3+ 39.
Re3 Rd4 40. Re6 Rb4 41. Re3 Kh6 42. Kh4 g6 43. fxg6 Kxg6 44. Rg3 f5 45. Rc3 Kf6 46. h3 Ke5 47. hxg4 Rxg4+ 48. Kh3 Rb4 49. Kg3 Kd4 50. Rf3 Ke4 51. Re3+ Kd5 52. Rd3+ Ke5 53. Re3+ Kf6 54. f4 b5 55. axb5 Rxb5 56. Rc3 Rb6 57.
Re3 Rd6 58. Kf3 Rd4 59. Re5 Rd3+ 60. Re3 Rd1 61. Re5 Ra1 62. Rb5 Ra3 63. Rb6+ Kf7 64. Ke2 Ke7 65. Kd3 a4 66. Kc4 Kd7 67. Rb4 axb3 68.
Rxb3 Rxb3 69. Kxb3 Kd6 70. Kc4 Kc6 71. Kd4 Kd6 72.
Kc4 Kc6 73. Kd4 Kd6 74. Kc4 1/2-1/2

[Event "Early-Titled-Tuesday-Blitz-March-19-2024"]
[Site "Chess.com"]
[Date "2024.03.19"]
[Round "4"]
[White "Gennady_Kozlov"]
[Black "Jumbo"]
[Result "1/2-1/2"]
[WhiteElo "2682"]
[BlackElo "2895"]
[TimeControl "180+1"]
[EndTime "8:41:20 PDT"]
[Termination "Game drawn - insufficient material"]

1. b3 c5 2. Bb2 Nc6 3. e3 a6 4. f4 d5 5. Nf3 Nf6 6. Be2 Bf5 7.
O-O h6 8. Ne5 e6 9. d3 Bd6 10.
Bf3 Bh7 11. Nd2 O-O 12. Qe1 Bxe5 13. fxe5 Nd7 14. Qg3 Qg5 15. Qxg5 hxg5 16. e4 d4 17. a4 Ndxe5 18. Be2 Nb4 19. Bd1 f5 20. exf5 exf5 21. Ba3 g4 22. Bxb4 cxb4 23. Rf4 Rad8 24. Nc4 Nc6 25.
Be2 Rfe8 26. Rf2 g6 27. a5 Kg7 28. g3 Bg8 29. Bf1 Re7 30. Bg2 Bd5 31. Bxd5 Rxd5 32. Kf1 Kf6 33. Ra4 Re6 34. Nb6 Rd8 35. Ra1 Kg5 36. Kg2 Rde8 37. Nd7 R8e7 38. Nb6 Re5 39. Nc4 Re1 40. Rxe1 Rxe1 41. Rd2 Kf6 42. Kf2 Re7 43. Kg2 Ke6 44. h3 gxh3+ 45. Kxh3 Kf6 46. Kg2 g5 47. Rf2 g4 48. Nd6 Re5 49. Nxb7 Nxa5 50. Nd6 Nc6 51. Nc4 Re6 52. Rf1 Re2+ 53. Rf2 Rxf2+ 54.
Kxf2 Kg5 55. Nd6 Ne5 56. Nb7 f4 57. Nc5 a5 58. Nb7 fxg3+ 59. Kxg3 Nc6 60. Nd6 Ne5 61.
Nb7 Nf3 62. Nxa5 Ne1 63. Nc6 Nxc2 64. Ne5 Ne3 65. Nc6 Nf5+ 66. Kf2 Kf4 67. Nxb4 g3+ 68. Kg1 Kf3 69. Nc6 Ke3 70. b4 Kxd3 71. Kg2 Kc4 72. b5 d3 73. Ne5+ Kc3 74. Nxd3 Kxd3 75. b6 Nd6 76. b7 Nxb7 77. Kxg3 1/2-1/2

[Event "Early-Titled-Tuesday-Blitz-March-19-2024"]
[Site "Chess.com"]
[Date "2024.03.19"]
[Round "4"]
[White "Lukianoo"]
[Black "VincentKeymer"]
[Result "0-1"]
[WhiteElo "2820"]
[BlackElo "3064"]
[TimeControl "180+1"]
[EndTime "8:41:23 PDT"]
[Termination "VincentKeymer won on time"]

1. e4 c6 2. d4 d5 3. e5 Bf5 4. h4 h6 5. h5 e6 6. g4 Be4 7. f3 Bh7 8. Bd3 Bxd3 9. Qxd3 c5 10. c3 Ne7 11. f4 Nec6 12. Nf3 Nd7 13. f5 cxd4 14.
cxd4 Qa5+ 15. Nc3 Nb4 16. Qe2 Rc8 17. fxe6 fxe6 18. O-O Be7 19. g5 Qa6 20. Qg2 Qd3 21. a3 Nc6 22. Qg4 Rf8 23. gxh6 gxh6 24. Bxh6 Qf5 25.
Qg6+ Qxg6+ 26. hxg6 Rg8 27. g7 Bf8 28. Kf2 Bxg7 29.
Rg1 Kf7 30. Bxg7 Rxg7 31. Rxg7+ Kxg7 32. Rg1+ Kf7 33. Ke3 Rh8 34. Nb5 Rh3 35. Kf2 Kf8 36.
Rg6 Kf7 37. Rg1 Kf8 38. Nd6 Nb6 39. Rg6 Nc4 40. Ng5 Rh2+ 41. Kg1 Rxb2 42. Nxe6+ Ke7 43. Nxb7 Rxb7 44. Rg7+ Kxe6 45. Rxb7 a5 46. a4 Nxd4 47. Kf2 Nc6 48. Rc7 Nb4 49. Ke2 Kxe5 50. Rh7 Na6 51. Kd3 Nc5+ 52. Kc3 Nxa4+ 53. Kc2 Nc5 54. Rh5+ Kd4 55.
Rh8 a4 56. Ra8 a3 57. Kb1 Ne4 58. Kc2 Nc3 59. Kb3 Kd3 60. Rh8 a2 61. Rh3+ Kd4 62. Rh4+ Kc5 63. Rh1 d4 64. Kc2 Na3+ 65. Kb3 Nab1 66.
Kb2 Kc4 67. Rh8 Nd2 68. Rc8+ Kd3 69. Rd8 Nb3 70. Rxd4+ Nxd4 71. Ka1 Nc2+ 0-1

[Event "Early-Titled-Tuesday-Blitz-March-19-2024"]
[Site "Chess.com"]
[Date "2024.03.19"]
[Round "4"]
[White "Zavgorodniy_Sergiy"]
[Black "DanielDardha2005"]
[Result "1/2-1/2"]
[WhiteElo "2623"]
[BlackElo "2856"]
[TimeControl "180+1"]
[EndTime "8:41:24 PDT"]
[Termination "Game drawn by repetition"]

1. d4 d5 2. c4 dxc4 3. Nf3 Nf6 4.
e3 Be6 5. Na3 c5 6. Bxc4 Bxc4 7.
Nxc4 e6 8. O-O Nc6 9. dxc5 Qxd1 10. Rxd1 Bxc5 11. a3 a5 12. Nd6+ Bxd6 13. Rxd6 Ke7 14. Rd1 Rhd8 15. Bd2 Ne4 16. Be1 Nc5 17. b4 Nb3 18.
Rab1 a4 19. Kf1 b5 20. Ke2 e5 21. Ng5 Rxd1 22. Rxd1 Rd8 23. Rxd8 Nxd8 24. Bc3 f6 25. Ne4 Ke6 26. g4 Kd5 27. f3 Ne6 28. Kd3 Nf8 29. h3 Nd7 30. Bb2 Nb6 31. Nc3+ Kc6 32. f4 Nc4 33. Nxa4 e4+ 34. Kc3 Nxe3 35. Kxb3 bxa4+ 36. Kxa4 Ng2 37. b5+ Kb7 38. Kb4 e3 39.
Kc5 e2 40. Bc3 Nxf4 41. Kd4 Ng2 42. a4 g6 43. a5 f5 44. gxf5 gxf5 45. Ke5 Ne3 46. a6+ Kb6 47. Be1 Kxb5 48. a7 Nc4+ 49. Kxf5 Nb6 50. Ke4 Ka6 51. Kd3 Kxa7 52. Kxe2 Kb7 53.
Kf3 Kc6 54. Kg4 Kd7 55. Kh5 Nd5 56. Kh6 Ke6 57. Kxh7 Nf4 58. h4 Kf6 59. Bc3+ Kf7 60. Kh6 Nd5 61. Bd4 Nc7 62. h5 Ne6 63. Be5 Nf8 64. Kg5 Ne6+ 65. Kf5 Nf8 66. h6 Kg8 67. Bf6 Kh7 68. Bg7 Ng6 69. Kg5 Ne7 70. Kf6 Ng8+ 71. Kg5 Ne7 72. Kf6 Ng6 73. Kg5 Ne7 1/2-1/2